 Dungeon Crawl Stone Soup version 0.28.0 (webtiles) character file.

Game seed: 15396348607541751106

66272 HallandMoats the Carver (level 15, 0/130 HPs)
             Began as a Ghoul Monk on Feb 11, 2022.
             Was the Champion of Okawaru.
             Killed from afar by a tengu conjurer (25 damage)
             ... with a bolt of lightning
             ... led by a tengu conjurer
             ... on level 15 of the Dungeon.
             The game lasted 00:38:57 (24116 turns).

HallandMoats the Carver (Ghoul Monk)               Turns: 24116, Time: 00:38:57

Health: 0/130      AC: 15    Str: 21    XL:     15   Next: 19%
Magic:  0/31       EV: 16    Int:  9    God:    Okawaru [******]
Gold:   1196       SH:  7    Dex: 19    Spells: 14/14 levels left

rFire   . . .      SeeInvis .   a - +7 Singing Sword {vorpal, sonic wave}
rCold   + + .      Faith    .   W - +0 buckler {rC+}
rNeg    + + +      Spirit   +   S - +0 swamp dragon scales
rPois   ∞          Reflect  .   (no helmet)
rElec   .          Harm     .   m - +0 cloak
rCorr   .          Rampage  .   M - +1 pair of gloves "Kaschaamp" {Int+4}
Will    +....                   T - +0 pair of boots
Stlth   ++........              f - amulet of guardian spirit
HPRegen 0.00/turn               v - +6 ring of dexterity
MPRegen 0.22/turn               c - ring of magical power

@: about to teleport, inhibited regen
A: claws 1, cold resistance 1, negative energy resistance 3, inhibited
regeneration, torment resistance 2
a: Renounce Religion, Heroism, Finesse, Duel


You were on level 15 of the Dungeon.
You worshipped Okawaru.
Okawaru was exalted by your worship.
You visited 3 branches of the dungeon, and saw 22 of its levels.

You collected 1312 gold pieces.
You spent 116 gold pieces at shops.

Inventory:

Hand Weapons
 a - the +7 Singing Sword (weapon) {vorpal, sonic wave}
   (You found it on level 4 of the Dungeon)

   It inflicts extra damage upon your enemies.
   It radiates damaging sonic waves as it strikes, especially in combat
   involving dangerous or numerous foes.
 b - the +7 flail of Absolution {venom, rElec rC+ SInv}
   (You found it on level 2 of the Dungeon)

   It poisons the flesh of those it strikes.
   rC:        It protects you from cold.
   rElec:     It insulates you from electricity.
   SInv:      It lets you see invisible.
 V - the +5 demon blade of Maosm {flame, rPois rCorr Str+3 Int-2}
   (Okawaru gifted it to you on level 5 of the Lair of Beasts)

   It burns those it strikes, dealing additional fire damage.
   Big, fiery blades are also staple armaments of hydra-hunters.
   Str:       It affects your strength (+3).
   Int:       It affects your intelligence (-2).
   rPois:     It protects you from poison.
   rCorr:     It protects you from acid and corrosion.
 X - the +5 sword of Power {vorpal}
   (Okawaru gifted it to you on level 6 of the Lair of Beasts)

   It inflicts extra damage upon your enemies.
   It occasionally discharges a powerful but inaccurate bolt of energy upon
   striking a foe, with increased chance the greater the wielder's current
   health.
Missiles
 i - 4 throwing nets (quivered)
Armour
 m - a +0 cloak (worn)
 J - +0 acid dragon scales
 M - the +1 pair of gloves "Kaschaamp" (worn) {Int+4}
   (You found it on level 1 of the Lair of Beasts)

   Int:       It affects your intelligence (+4).
 S - +0 swamp dragon scales (worn)
 T - a +0 pair of boots (worn)
 W - a +0 buckler of cold resistance (worn)
 Y - the +1 chain mail "Carhycic" {rC++ Regen+}
   (Okawaru gifted it to you on level 6 of the Lair of Beasts)

   rC:        It greatly protects you from cold.
   Regen:     It increases your rate of health regeneration.
Jewellery
 c - a ring of magical power (right hand)
 d - a ring of fire
 f - an amulet of guardian spirit (around neck)
 p - a ring of fire
 v - a +6 ring of dexterity (left hand)
 L - the ring of Kibbyiw {*Corrode +Blink Will+ Str+2 Int+2}
   (You found it on level 12 of the Dungeon)

   [ring of willpower]

   Str:       It affects your strength (+2).
   Int:       It affects your intelligence (+2).
   +Blink:    It lets you blink.
   *Corrode:  It may corrode you when you take damage.
   Will:      It increases your willpower.
 R - a ring of ice
 U - a ring of protection from fire
Wands
 x - a wand of polymorph (3)
 D - a wand of digging (1)
 E - a wand of mindburst (3)
 H - a wand of acid (13)
Scrolls
 j - 9 scrolls of teleportation
 k - 3 scrolls of silence
 l - a scroll of blinking
 q - 4 scrolls of magic mapping
 s - a scroll of enchant armour
 t - 2 scrolls of amnesia
 u - 3 scrolls of fear
 G - 3 scrolls of enchant weapon
 K - a scroll of torment
Potions
 e - a potion of brilliance
 g - a potion of resistance {unknown}
 h - 5 potions of lignification
 o - 9 potions of curing
 r - 4 potions of haste
 w - 4 potions of might
 y - a potion of flight {unknown}
 z - a potion of ambrosia {unknown}
 A - a potion of cancellation {unknown}
 F - 2 potions of mutation
 I - 2 potions of attraction
 N - 2 potions of heal wounds
 P - 2 potions of invisibility {unknown}
 Q - a potion of magic {unknown}


   Skills:
 * Level 11.3 Fighting
 * Level 13.6 Long Blades
 - Level 1.8 Maces & Flails
 * Level 8.9 Armour
 * Level 9.5 Dodging
 - Level 2.1 Stealth
 * Level 8.2 Shields
 - Level 5.1 Unarmed Combat
 + Level 11.9 Invocations


You had 14 spell levels left.
You didn't know any spells.
Your spell library contained the following spells:

 Spells                   Type           Power      Damage    Failure   Level
 Sting                    Tmut/Pois      0%         1d3       58%         1
 Ensorcelled Hibernation  Hex/Ice        0%         N/A       75%         2
 Passwall                 Tmut/Erth      0%         N/A       75%         2
 Poisonous Vapours        Pois/Air       0%         N/A       75%         2
 Dazzling Flash           Conj/Hex       0%         N/A       92%         3
 Gell's Gravitas          Tloc           0%         N/A       92%         3
 Ozocubu's Armour         Ice            0%         N/A       92%         3
 Swiftness                Air            0%         N/A       92%         3
 Teleport Other           Tloc           0%         N/A       92%         3
 Iskenderun's Mystic Bla  Conj/Tloc      0%         2d3       100%        4
 Olgreb's Toxic Radiance  Pois           0%         N/A       100%        4
 Borgnjor's Vile Clutch   Necr/Erth      0%         N/A       100%        5
 Fireball                 Conj/Fire      0%         3d3       100%        5
 Iskenderun's Battlesphe  Conj           0%         2d6       100%        5
 Conjure Ball Lightning   Conj/Air       0%         3x3d6     100%        6
 Dispersal                Tloc           0%         N/A       100%        6
 Starburst                Conj/Fire      0%         6d3       100%        6
 Orb of Destruction       Conj           0%         9d5       100%        7
 Ozocubu's Refrigeration  Ice            0%         4d5       100%        7
 Animate Dead             Necr           Unusable   N/A       N/A         4
 Death Channel            Necr           Unusable   N/A       N/A         6

Dungeon Overview and Level Annotations

Branches:
Dungeon (15/15)            Temple (1/1) D:5            Lair (6/6) D:9
  Swamp (0/4) Lair:3       Spider (0/4) Lair:3        Slime (0/5) Lair:5
    Orc (0/2) D:10
 Vaults: D:13-14     Depths: D:15

Altars:
Ashenzari
Cheibriados
Dithmenos
Elyvilon
Fedhas
Gozag
Hepliaklqana
Kikubaaqudgha
Makhleb
Nemelex Xobeh
Okawaru
Qazlal
Ru
Sif Muna
Trog
Uskayaw
Vehumet
Wu Jian
Xom
Yredelemnul
Zin
The Shining One
Jiyva

Shops:
D:6 *   D:9 (([*

Annotations:
D:10 3 runed translucent doors, meepyknight's ghost, journeyman GrFi


Innate Abilities, Weirdness & Mutations

You thrive by killing the living.
You are immune to poison.
You have sharp fingernails.
Your flesh is cold resistant. (rC+)
You are immune to negative energy. (rN+++)
You do not regenerate when monsters are visible.
You are immune to unholy pain and torment.


Message History

The merfolk aquamancer barely misses you.
Unknown command.
Your unstable footing causes you to fumble your attack.
The merfolk aquamancer casts a spell at you.
The torrent of water hits you!!
You are knocked back by the torrent of water.
Splash!
The wave splashes down.
The merfolk aquamancer points at you and mumbles some strange words.
The shard of ice hits you!! You partially resist.
You hear a horrible gurgling sound!
You hear a shout!
You hear a horrible gurgling sound!
You are too injured to fight recklessly!
Unknown command.
You are too injured to fight recklessly!
Unknown command.
You are too injured to fight recklessly!
The merfolk aquamancer points at you and mumbles some strange words.
The torrent of water hits you!!
* * * LOW HITPOINT WARNING * * *
You are knocked back by the torrent of water.
Splash!
You fall into the shallow water.
Moving in this stuff is going to be slow.
The wave splashes down.
The merfolk aquamancer gestures at you while chanting.
The torrent of water hits you!
* * * LOW HITPOINT WARNING * * *
The wave splashes down.
Blink to where?
Press: ? - help, Dir - move target
As you read the scroll of blinking, it crumbles to dust.
You climb downwards.
There is a stone staircase leading up here.
As you read the scroll of teleportation, it crumbles to dust.
You feel strangely unstable.
The tengu conjurer shouts! x2
The tengu conjurer casts a spell at you.
The bolt of lightning hits you!!
You die...

#+#+#########
............#
............#
.......Q....#
.........Q..#
.......@....#
#############


You could see 2 tengu conjurers.

Vanquished Creatures
  Harold (D:7)
  Fannar (Lair:2)
  3 hydras
  2 boulder beetles
  A catoblepas (D:13)
  2 two-headed ogres
  A death yak (D:9)
  2 merfolk aquamancers
  Sonja (D:12)
  3 skeletal warriors (D:13)
  A swamp dragon (Lair:3)
  6 ugly things
  5 cyclopes
  3 slime creatures (D:12)
  3 manticores
  A black mamba (shapeshifter) (D:13)
  17 elephants
  A water nymph (D:14)
  4 black mambas
  9 cane toads
  6 torpor snails
  3 gargoyles
  Psyche (D:9)
  8 komodo dragons
  2 rime drakes
  An unseen horror (D:10)
  A meliai (Lair:3)
  2 trolls
  9 hornets
  26 blink frogs
  6 polar bears
  Sigmund (D:5)
  4 vampires
  6 wyverns
  13 spriggans (Lair:6)
  2 wraiths
  46 yaks
  Grum (D:9)
  4 basilisks
  2 steam dragons
  A fire elemental (Lair:5)
  Menkaure (D:7)
  6 vampire mosquitoes
  2 acid dragons (D:12)
  Edmund (D:5)
  19 water moccasins
  2 hornet zombies (D:8)
  3 orc warriors
  2 ice beasts
  5 black bears
  A sky beast (D:7)
  6 necrophages
  5 ogres
  23 wolves
  17 centaurs
  3 boggarts (Lair:6)
  A phantom (D:7)
  6 bullfrogs
  A kobold brigand (D:8)
  5 scorpions
  3 water moccasin zombies
  A water moccasin skeleton (D:6)
  4 killer bees (Lair:3)
  13 wights
  11 electric eels
  2 bullfrog zombies
  4 crimson imps (D:6)
  2 hounds
  A jelly (D:6)
  2 centaur skeletons
  5 centaur zombies
  9 orc priests
  A bullfrog skeleton (D:5)
  4 iguanas
  18 orc wizards
  3 mummies (D:10)
  A hound skeleton (D:4)
  A howler monkey skeleton (D:3)
  15 adders
  A shadow imp (D:6)
  A white imp (D:4)
  An ufetubus (D:5)
  A worm (D:3)
  2 dart slugs
  54 orcs
  9 bats
  5 endoplasms
  3 giant cockroaches
  2 goblins
  3 hobgoblins
  6 jackals
  3 quokkas
  7 ball pythons
  A frilled lizard (D:3)
  7 kobolds
  3 rats (D:1)
530 creatures vanquished.

Vanquished Creatures (others)
  96 fungi
  184 plants
  4 withered plants (D:10)
284 creatures vanquished.

Grand Total: 814 creatures vanquished

Notes
Turn   | Place    | Note
-------+----------+-------------------------------------------
     0 | D:1      | HallandMoats the Ghoul Monk began the quest for the Orb.
     0 | D:1      | Reached XP level 1. HP: 19/19 MP: 0/0
   180 | D:1      | Reached XP level 2. HP: 26/26 MP: 1/1
   386 | D:1      | Found a faded altar of an unknown god.
   889 | D:2      | Reached skill level 1 in Armour
   903 | D:2      | You fall into a shaft and drop 1 floor!
   955 | D:2      | Reached XP level 3. HP: 9/31 MP: 0/2
  1240 | D:2      | Identified the +7 flail of Absolution {venom, rElec rC+
                  | SInv}
  1614 | D:2      | Reached skill level 1 in Invocations
  1614 | D:2      | Reached XP level 4. HP: 13/40 MP: 1/3
  1840 | D:3      | Reached XP level 5. HP: 31/46 MP: 4/4
  2901 | D:4      | Noticed an ogre
  2909 | D:4      | Killed an ogre
  2910 | D:4      | Reached XP level 6. HP: 17/53 MP: 1/6
  3698 | D:4      | Reached XP level 7. HP: 60/60 MP: 7/7
  3741 | D:4      | Reached skill level 5 in Fighting
  3741 | D:4      | Reached skill level 1 in Maces & Flails
  3766 | D:4      | Reached skill level 5 in Unarmed Combat
  4101 | D:4      | Found the +7 Singing Sword {vorpal, sonic wave}
  4186 | D:5      | Entered Level 5 of the Dungeon
  4242 | D:4      | Reached skill level 1 in Long Blades
  4249 | D:5      | Reached XP level 8. HP: 67/68 MP: 9/9
  4394 | D:5      | Reached skill level 2 in Long Blades
  4570 | D:5      | Found a staircase to the Ecumenical Temple.
  4608 | Temple   | Entered the Ecumenical Temple
  4988 | Temple   | Became a worshipper of Warmaster Okawaru
  4988 | Temple   | Reached * piety under Okawaru
  4988 | Temple   | Reached ** piety under Okawaru
  5185 | D:5      | Reached skill level 3 in Long Blades
  5275 | D:5      | Noticed Edmund
  5287 | D:5      | Killed Edmund
  5405 | D:5      | Noticed Sigmund
  5411 | D:5      | Killed Sigmund
  5412 | D:5      | Reached skill level 4 in Long Blades
  5702 | D:6      | Reached skill level 5 in Invocations
  5743 | D:6      | Reached skill level 5 in Long Blades
  5743 | D:6      | Reached XP level 9. HP: 16/74 MP: 2/11
  5744 | D:6      | Reached *** piety under Okawaru
  6283 | D:6      | Reached skill level 6 in Long Blades
  6445 | D:6      | Found Yhuf's CLEARANCE SALE!.
  6454 | D:6      | Bought a scroll of identify for 4 gold pieces
  6716 | D:6      | Found a shimmering altar of Xom.
  7004 | D:7      | Reached skill level 7 in Long Blades
  7007 | D:7      | Noticed Harold
  7021 | D:7      | Killed Harold
  7021 | D:7      | Reached **** piety under Okawaru
  7022 | D:7      | Reached skill level 8 in Long Blades
  7079 | D:7      | Reached XP level 10. HP: 55/81 MP: 14/14
  7586 | D:7      | Noticed Menkaure
  7593 | D:7      | Killed Menkaure
  7593 | D:7      | Reached ***** piety under Okawaru
  7715 | D:7      | Reached skill level 9 in Long Blades
  9403 | D:9      | Found Tysaoz's Weapon Shop.
  9426 | D:9      | Found Loaddost's Weapon Shop.
  9517 | D:9      | Found Zulust's General Store.
  9540 | D:9      | Noticed Grum
  9540 | D:9      | Noticed Psyche
  9548 | D:9      | Killed Psyche
  9551 | D:9      | Reached skill level 10 in Long Blades
  9555 | D:9      | Killed Grum
  9555 | D:9      | Identified the +1 robe of Charity {rElec} (Okawaru gifted
                  | it to you on level 9 of the Dungeon)
  9555 | D:9      | Received a gift from Okawaru
  9556 | D:9      | Noticed a death yak
  9569 | D:9      | Killed a death yak
  9570 | D:9      | Reached XP level 11. HP: 86/88 MP: 16/17
  9819 | D:9      | Found Magib's Armour Emporium.
  9890 | D:9      | Found a staircase to the Lair.
 10069 | D:9      | Reached skill level 11 in Long Blades
 10194 | D:10     | Entered Level 10 of the Dungeon
 10276 | D:10     | Reached skill level 1 in Shields
 10345 | D:10     | Reached skill level 5 in Dodging
 10578 | D:10     | Found a staircase to the Orcish Mines.
 10803 | D:10     | Noticed a boulder beetle
 10804 | D:10     | Noticed a flayed ghost
 10804 | D:10     | Noticed meepyknight's ghost (journeyman GrFi)
 10805 | D:10     | Found a runed translucent gate.
 10806 | D:10     | Found a runed translucent gate.
 10806 | D:10     | Noticed a manticore
 10807 | D:10     | Found a runed translucent gate.
 10841 | D:10     | Reached skill level 10 in Invocations
 11220 | D:11     | Received a gift from Okawaru
 11405 | D:11     | Noticed a cyclops
 11414 | D:11     | Killed a cyclops
 11544 | D:11     | Reached XP level 12. HP: 96/97 MP: 18/18
 11789 | D:11     | Noticed a fire giant
 11914 | D:11     | Noticed a boulder beetle
 11925 | D:11     | Killed a boulder beetle
 12197 | D:12     | Noticed a six-headed hydra
 12197 | D:12     | Noticed Sonja
 12210 | D:12     | Killed a six-headed hydra
 12211 | D:12     | Reached skill level 5 in Armour
 12216 | D:12     | Killed Sonja
 13525 | D:12     | Noticed a two-headed ogre
 13533 | D:12     | Killed a two-headed ogre
 13538 | D:12     | Received a gift from Okawaru
 13540 | D:12     | Reached ****** piety under Okawaru
 13566 | D:12     | Reached skill level 12 in Long Blades
 13683 | D:12     | Found an iron altar of Okawaru.
 14050 | D:12     | Identified the ring of Kibbyiw {*Corrode +Blink Will+ Str+2
                  | Int+2}
 14746 | D:9      | Bought a scroll of blinking for 112 gold pieces
 15102 | D:13     | Noticed an eight-headed hydra
 15192 | Lair:1   | Entered Level 1 of the Lair of Beasts
 15200 | Lair:1   | Reached skill level 5 in Shields
 15242 | Lair:1   | Reached XP level 13. HP: 73/108 MP: 19/19
 15883 | Lair:1   | Identified the +1 pair of gloves "Kaschaamp" {Int+4}
 17349 | Lair:2   | Found a snail-covered altar of Cheibriados.
 17363 | Lair:2   | Received a gift from Okawaru
 17916 | Lair:2   | Noticed Fannar
 17933 | Lair:2   | Killed Fannar
 18411 | Lair:3   | Found a hole to the Spider Nest.
 18827 | Lair:3   | Found a staircase to the Swamp.
 19073 | Lair:3   | Identified the +6 war axe "Hoblyx" {elec, rN++ Will- MP+9
                  | Int+8} (Okawaru gifted it to you on level 3 of the Lair of
                  | Beasts)
 19073 | Lair:3   | Received a gift from Okawaru
 20142 | Lair:5   | Reached XP level 14. HP: 94/119 MP: 21/21
 20305 | Lair:5   | Identified the +5 demon blade of Maosm {flame, rPois rCorr
                  | Str+3 Int-2} (Okawaru gifted it to you on level 5 of the
                  | Lair of Beasts)
 20305 | Lair:5   | Received a gift from Okawaru
 20370 | Lair:5   | Found a viscous altar of Jiyva.
 20370 | Lair:5   | Found a staircase to the Slime Pits.
 20657 | Lair:5   | Reached skill level 10 in Fighting
 20903 | Lair:5   | Reached skill level 13 in Long Blades
 20904 | Lair:5   | Found the +8 whip "Snakebite" {venom, curare, rPois}
 21141 | Lair:6   | Entered Level 6 of the Lair of Beasts
 21671 | Lair:6   | Received a gift from Okawaru
 21671 | Lair:6   | Found the +5 sword of Power {vorpal}
 22330 | Lair:6   | Found a broken altar of Ashenzari.
 22509 | Lair:6   | Identified the +1 chain mail "Carhycic" {rC++ Regen+}
                  | (Okawaru gifted it to you on level 6 of the Lair of Beasts)
 22509 | Lair:6   | Received a gift from Okawaru
 23067 | D:13     | Reached XP level 15. HP: 93/129 MP: 22/22
 24114 | D:15     | Entered Level 15 of the Dungeon
 24116 | D:15     | Killed from afar by a tengu conjurer

Illustrated notes

Levels and vault maps discovered:
D:1:      giann_forest_graveyard, layout_rooms, basic_ecumenical_altar
D:2:      layout_basic, basic_altar
D:3:      layout_basic, cheibrodos_sewer_entry_bend, dk_noncrumbling_4
D:4:      old_forge, layout_gridville
D:5:      layout_basic, minmay_temple_entry_stoned_glass,
          sigmund_edmund_badplayer
D:6:      layout_loops_ring, led_xom_imps, nicolae_shop_clearance, uniq_edmund
D:7:      layout_loops_ring, uniq_menkaure, uniq_harold
D:8:      layout_rooms, serial_bayou, serial_bayou_pond_e, serial_bayou_shore_a,
          serial_bayou_pond_c, serial_bayou_pond_e, kennysheep_generic_room_3
D:9:      layout_grid_maze, david_lair_generic, serial_shops, shop_statue,
          nicolae_take_the_stairs, nicolae_shop_bloodbath_and_beyond,
          kennysheep_mini_moat, uniq_grum, uniq_psyche
D:10:     layout_irregular_city, orc_0_dummy, serial_undead, serial_undead_d,
          serial_undead_a, serial_undead_f, serial_undead_f, serial_undead_f,
          serial_undead_c, serial_undead_e, gammafunk_ghost_split,
          minmay_misc_feat_room
D:11:     layout_stronghold, onia_ninara_dug_in_and_dangerous
D:12:     layout_basic, nicolae_trove_entry_columns, st_stairs_13,
          okawaru_metal_pillars_1_2, uniq_sonja
D:13:     layout_rooms, minmay_misc_feat_cross
D:14:     kennysheep_cluttered_fort, layout_cave_pools,
          grunt_vaults_entry_fortified, nzn_wu_jian_council_hall,
          nicolae_splish_splash
D:15:     hangedman_depths_entry_civil_slaughter, layout_irregular_city,
          nicolae_figureground_sparkle
Temple:   mainiacjoe_temple_trianglar_array
Lair:1:   wad_woods_pond, layout_chaotic_city, minivault_26
Lair:2:   layout_long_grid, kennysheep_snail_temple, uniq_fannar
Lair:3:   layout_roguey, minmay_swamp_entry_reptiles,
          hellmonk_spider_entry_not_the_bees
Lair:4:   layout_big_grid
Lair:5:   minmay_guarded_unrand_snakebite, layout_gridlike,
          dpeg_slime_entry_enclosed_altar, nzn_sisyphean_effort
Lair:6:   minmay_lair_end_enchanted_forest, layout_regular_city, basic_altar,
          minivault_11

Skill      XL: |  1  2  3  4  5  6  7  8  9 10 11 12 13 14 15 |
---------------+----------------------------------------------+-----
Armour         | 1 2 3 4 6 7 8 |  8.9
Dodging        | 3 4 5 6 8 9 |  9.5
Invocations    | 1 2 5 7 9 10 11 | 11.9
Fighting       | 4 5 6 8 9 11 | 11.3
Unarmed Combat | 4 5 |  5.1
Maces & Flails | 1 |  1.8
Long Blades    | 1 5 8 10 11 12 13 | 13.6
Shields        | 3 5 6 7 8 |  8.2
Stealth        | |  2.1

Action                   |  1- 3 |  4- 6 |  7- 9 | 10-12 | 13-15 || total
-------------------------+-------+-------+-------+-------+-------++-------
Melee: Unarmed           |    34 |       |       |       |       ||    34
       Punch             |     5 |     2 |     3 |    18 |    13 ||    41
       Quick blade       |    58 |       |       |       |       ||    58
       Flail             |    17 |    72 |    63 |    15 |     8 ||   175
       Double sword      |       |       |   142 |   327 |   633 ||  1102
       Demon blade       |       |       |       |       |     6 ||     6
Invok: Heroism           |       |       |     2 |     2 |     6 ||    10
       Finesse           |       |       |       |     1 |     2 ||     3
Evoke: Wand              |       |       |       |    24 |       ||    24
  Use: Scroll            |       |       |    12 |     9 |     8 ||    29
       Potion            |       |       |       |       |     1 ||     1
 Stab: Distracted        |       |       |     1 |     2 |     3 ||     6
       Sleeping          |       |       |       |     1 |     3 ||     4
Armor: Robe              |     5 |       |       |       |       ||     5
       Scale mail        |    37 |    34 |    22 |       |       ||    93
       Ring mail         |       |       |    78 |   124 |       ||   202
       Acid dragon scale |       |       |       |    11 |    55 ||    66
       Swamp dragon scal |       |       |       |       |   165 ||   165
Dodge: Dodged            |    62 |    52 |   145 |   260 |   515 ||  1034
Block: Buckler           |       |       |       |       |    64 ||    64
